 Dungeon Crawl Stone Soup version 0.21.1-1-g345015f (webtiles) character file.

9798 twistedcrescendo the Warrior (level 11, -1/114 HPs)
             Began as a Minotaur Berserker on July 2, 2018.
             Was a High Priest of Trog.
             Slain by a manticore (2 damage)
             ... on level 10 of the Dungeon.
             The game lasted 00:47:40 (7839 turns).

twistedcrescendo the Warrior (Minotaur Berserker)   Turns: 7839, Time: 00:47:41

Health: -1/114     AC: 15    Str: 23    XL:     11   Next: 27%
Magic:  10/10      EV:  7    Int:  4    God:    Trog [*****.]
Gold:   480        SH:  6    Dex: 12    Spells: 10/10 levels left

rFire    . . .     SeeInvis .   l - +0 war axe (venom)
rCold    . . .     Gourm    .   x - +1 buckler
rNeg     + + .     Faith    .   r - +0 plate armour
rPois    .         Spirit   .   (helmet restricted)
rElec    .         Reflect  .   (no cloak)
rCorr    .         Harm     .   (no gloves)
MR       +++..                  B - +2 pair of boots
Stlth    ..........             w - macabre finger necklace {rN+}
HPRegen  1.29/turn              t - ring of positive energy
MPRegen  0.12/turn              (no ring)
                                (no ring)

@: regenerating
A: retaliatory headbutt, horns 2, blurry vision 1, magic resistance 1
a: Berserk, Trog's Hand, Brothers in Arms, Burn Spellbooks, Renounce Religion


You were on level 10 of the Dungeon.
You worshipped Trog.
Trog was extremely pleased with you.
You were not hungry.

You visited 1 branch of the dungeon, and saw 10 of its levels.

You collected 519 gold pieces.
You spent 39 gold pieces at shops.

Inventory:

Hand Weapons
 l - a +0 war axe of venom (weapon)
 n - a +2 flail of crushing
 v - a +1 hand axe of flaming
Missiles
 D - 2 silver tomahawks (quivered)
Armour
 r - a +0 plate armour (worn)
 x - a +1 buckler (worn)
 B - a +2 pair of boots (worn)
 C - the +0 robe of Sevack {rPois Str+3}
   (You found it on level 5 of the Dungeon)

   It affects your strength (+3).
   It protects you from poison.
Jewellery
 t - a ring of positive energy (left hand)
 w - the macabre finger necklace (around neck) {rN+}
   (You found it on level 4 of the Dungeon)

   [amulet of nothing]

   It protects you from negative energy.
Wands
 u - a wand of random effects (59)
 y - a wand of flame (28)
 G - a wand of clouds (3)
Scrolls
 j - a scroll of identify
 k - 2 scrolls of teleportation
 q - a scroll of enchant weapon
 z - a scroll of immolation {unknown}
 F - a scroll of remove curse
 H - a scroll of fog
Potions
 b - 5 potions of curing
 d - a potion of heal wounds
 e - 3 potions of might
 g - 3 potions of brilliance
 h - a potion of ambrosia {unknown}
 i - 2 potions of magic
 m - 2 potions of haste
 o - a potion of lignification
 s - a potion of flight
 E - 2 potions of degeneration
Books
 a - a book of Cantrips

   Spells                             Type                      Level
   a - Confusing Touch                Hexes                        1
   b - Animate Skeleton               Necromancy                   1
   c - Summon Small Mammal            Summoning                    1
   d - Apportation                    Translocation                1
   Trog disapproves of the use of such an item.
 f - a book of Conjurations

   Spells                             Type                      Level
   a - Magic Dart                     Conjuration                  1
   b - Searing Ray                    Conjuration                  2
   c - Dazzling Spray                 Conjuration/Hexes            3
   d - Fulminant Prism                Conjuration/Hexes            4
   e - Force Lance                    Conjuration/Translocation    4
   f - Iskenderun's Mystic Blast      Conjuration                  4
   Trog disapproves of the use of such an item.
 A - a book of the Earth

   Spells                             Type                      Level
   a - Leda's Liquefaction            Hexes/Earth                  4
   b - Bolt of Magma                  Conjuration/Fire/Earth       5
   c - Statue Form                    Transmutation/Earth          6
   d - Iron Shot                      Conjuration/Earth            6
   e - Shatter                        Earth                        9
   Trog disapproves of the use of such an item.
Comestibles
 c - 21 rations
 p - 2 chunks of flesh


   Skills:
 + Level 15.8 Fighting
 - Level 12.0 Maces & Flails
 + Level 5.2 Armour
 - Level 2.1 Dodging
 - Level 4.4 Shields


You had 10 spell levels left.
You didn't know any spells.

Dungeon Overview and Level Annotations

Branches:
Dungeon (10/15)            Temple (0/1) D:4
   Lair: D:8-11         Orc: D:9-12

Altars:
Gozag
Hepliaklqana
Okawaru
Ru
Sif Muna
Wu Jian
Xom
The Shining One

Shops:
D:5 }   D:9 *


Innate Abilities, Weirdness & Mutations

You reflexively headbutt those who attack you in melee.
You have a pair of horns on your head.
Scrolls take you a little longer to read.
You are resistant to hostile enchantments. (MR+)


Message History

You hit the manticore. The manticore bites you!!
* * * LOW HITPOINT WARNING * * *
The manticore claws you but does no damage. x2
You block the phantom's attack.
Your skin crawls.
You feel resistant to hostile enchantments.
You feel somewhat more hungry. The manticore barely misses you.
The manticore claws you!
* * * LOW HITPOINT WARNING * * *
You block the manticore's attack. You block the phantom's attack.
You barely miss the phantom.
The phantom is severely damaged.
You hit the manticore but do no damage.
The manticore looks as sick as possible!
The manticore bites you but does no damage.
The manticore claws you but does no damage.
The manticore claws you.
* * * LOW HITPOINT WARNING * * *
The phantom blinks!
The manticore bites you.
You die...

...#...... ...
.......... ......
.......#.# ......
#......#.# ......
#......#.###......
#.................
.........<.......>
..#..W#..<........
#.......@.......
.....#..†§H......
#.................
..................
#.........[.......
.:...............
................
..#............


You could see a manticore and a phantom.

Vanquished Creatures
  A hydra (D:9)
  Erica (D:9)
  The ghost of emiel the Basher, a novice OgFi of Cheibriados (D:6)
  A centaur zombie (D:10)
  Joseph (D:8)
  Psyche (D:9)
  A troll (D:9)
  3 hippogriffs (D:7)
  2 dream sheep (D:9)
  8 yaks (D:9)
  Eustachio (D:5)
  A steam dragon (D:10)
  Grum (D:8)
  Edmund (D:6)
  Duvessa (D:5)
  A water moccasin (D:6)
  An orc warrior (D:8)
  An ice beast (D:9)
  A phantom (D:6)
  A sky beast (D:9)
  A black bear (D:7)
  5 ogres
  3 wolves (D:8)
  4 centaurs
  Blork the orc (D:5)
  6 bullfrogs
  4 big kobolds
  Dowan (D:5)
  3 scorpions
  5 killer bees (D:7)
  A howler monkey (D:3)
  4 wights (D:8)
  5 crimson imps
  A bullfrog zombie (D:5)
  A bullfrog skeleton (D:7)
  3 hounds
  A centaur skeleton (D:4)
  5 orc priests
  5 worker ants
  Ijyb (D:4)
  2 iguanas
  2 orc wizards
  A hound skeleton (D:4)
  A worker ant zombie (D:6)
  A howler monkey zombie (D:6)
  11 gnolls
  7 adders
  2 shadow imps
  An ooze (D:1)
  An adder zombie (D:9)
  A worm (D:6)
  3 dart slugs (D:1)
  The ghost of dscm the Digger, a weakling OpEE (D:3)
  6 leopard geckos
  20 orcs
  4 giant cockroaches
  5 goblins
  6 hobgoblins
  9 jackals
  5 quokkas
  A ball python (D:2)
  5 bats
  6 frilled lizards
  A jackal skeleton (D:8)
  9 kobolds
  A leopard gecko skeleton (D:4)
  A leopard gecko zombie (D:5)
  4 rats
  2 butterflies (D:3)
209 creatures vanquished.

Vanquished Creatures (collateral kills)
  Menkaure (D:7)
1 creature vanquished.

Grand Total: 210 creatures vanquished

Notes
Turn   | Place    | Note
-------+----------+-------------------------------------------
     0 | D:1      | twistedcrescendo the Minotaur Berserker began the quest for the Orb.
     0 | D:1      | Reached XP level 1. HP: 19/19 MP: 0/0
     2 | D:1      | Noticed a felid
     2 | D:1      | Noticed a ghoul
     4 | D:1      | Noticed a minotaur
     6 | D:1      | Noticed a formicid
     6 | D:1      | Noticed a demonspawn
     8 | D:1      | Noticed a naga
     8 | D:1      | Noticed a halfling
    10 | D:1      | Noticed a spriggan
    10 | D:1      | Noticed a troll
    12 | D:1      | Noticed a merfolk
    12 | D:1      | Noticed an octopode
    14 | D:1      | Noticed a draconian
    14 | D:1      | Noticed a vampire
    16 | D:1      | Noticed a demigod
    18 | D:1      | Noticed a human
    18 | D:1      | Noticed a vine stalker
    20 | D:1      | Noticed a tengu
    22 | D:1      | Noticed a centaur
    24 | D:1      | Noticed an elf
    24 | D:1      | Noticed an ogre
    26 | D:1      | Noticed a dwarf
    26 | D:1      | Noticed a gargoyle
   121 | D:1      | Reached skill level 4 in Fighting
   129 | D:1      | Reached XP level 2. HP: 6/27 MP: 1/1
   491 | D:1      | Reached XP level 3. HP: 34/34 MP: 2/2
   492 | D:1      | Reached ** piety under Trog
   622 | D:2      | Reached XP level 4. HP: 33/41 MP: 3/3
   626 | D:2      | Reached skill level 5 in Fighting
   626 | D:2      | Reached skill level 5 in Maces & Flails
  1199 | D:2      | Found a deep blue altar of Sif Muna.
  1515 | D:3      | Reached XP level 5. HP: 39/48 MP: 4/4
  1568 | D:3      | Noticed dscm's ghost (weakling OpEE)
  1573 | D:3      | Killed dscm's ghost
  1621 | D:3      | Reached skill level 6 in Fighting
  1723 | D:3      | Reached XP level 6. HP: 45/58 MP: 5/5
  1739 | D:3      | Reached *** piety under Trog
  2213 | D:3      | Found a hazy altar of Hepliaklqana.
  2288 | D:3      | Found a shimmering altar of Xom.
  2547 | D:4      | Found the macabre finger necklace {rN+}
  2576 | D:4      | Found an opulent altar of Gozag.
  2630 | D:4      | Reached skill level 7 in Fighting
  2668 | D:4      | Noticed Ijyb
  2681 | D:4      | Killed Ijyb
  2931 | D:4      | Found a staircase to the Ecumenical Temple.
  2960 | D:4      | Reached XP level 7. HP: 54/66 MP: 6/6
  3179 | D:5      | Entered Level 5 of the Dungeon
  3179 | D:5      | Noticed Dowan
  3180 | D:5      | Noticed Duvessa
  3182 | D:5      | Noticed Blork the orc
  3187 | D:5      | Killed Duvessa
  3188 | D:5      | Killed Dowan
  3196 | D:5      | Killed Blork the orc
  3196 | D:5      | Reached skill level 8 in Fighting
  3391 | D:5      | Found Hedais's Gadget Emporium.
  3507 | D:5      | Reached XP level 8. HP: 72/75 MP: 7/7
  3604 | D:5      | Noticed Eustachio
  3614 | D:5      | Killed Eustachio
  3614 | D:5      | Reached skill level 9 in Fighting
  3623 | D:5      | Got a thick robe
  3634 | D:5      | Identified the cursed +0 robe of Sevack {rPois Str+3} (You found it on level 5 of the Dungeon)
  3861 | D:6      | Noticed emiel's ghost (novice OgFi)
  3871 | D:6      | Killed emiel's ghost
  3871 | D:6      | Reached skill level 10 in Fighting
  3871 | D:6      | Reached skill level 10 in Maces & Flails
  4028 | D:6      | Reached XP level 9. HP: 58/86 MP: 8/8
  4123 | D:6      | Noticed Edmund
  4131 | D:6      | Reached **** piety under Trog
  4144 | D:6      | Killed Edmund
  4362 | D:6      | Found an opulent altar of Gozag.
  4362 | D:6      | Found an ornate altar of the Wu Jian Council.
  4462 | D:6      | Reached skill level 11 in Fighting
  4723 | D:7      | HP: 3/89 [killer bee (8)]
  4970 | D:7      | Found a glowing golden altar of the Shining One.
  5030 | D:7      | Noticed Menkaure
  5039 | D:7      | Killed Menkaure
  5299 | D:7      | Reached skill level 12 in Fighting
  5299 | D:7      | Reached skill level 1 in Shields
  5487 | D:8      | Reached XP level 10. HP: 70/99 MP: 9/9
  5747 | D:8      | Noticed Joseph
  5765 | D:8      | Killed Joseph
  5933 | D:8      | Found an iron altar of Okawaru.
  6012 | D:8      | Noticed Grum
  6016 | D:8      | Reached skill level 13 in Fighting
  6027 | D:8      | Killed Grum
  6212 | D:9      | Noticed Psyche
  6273 | D:9      | HP: 5/102 [big kobold/short sword (4)]
  6280 | D:9      | Reached skill level 14 in Fighting
  6590 | D:9      | Noticed a three-headed hydra
  6597 | D:9      | Killed a three-headed hydra
  6689 | D:9      | Killed Psyche
  6689 | D:9      | Reached ***** piety under Trog
  6689 | D:9      | Reached skill level 15 in Fighting
  6690 | D:9      | Found a sacrificial altar of Ru.
  6813 | D:9      | Found Iplaeb's General Store.
  6821 | D:9      | Bought a potion of degeneration for 13 gold pieces
  6821 | D:9      | Bought a scroll of fog for 26 gold pieces
  6974 | D:9      | Reached XP level 11. HP: 50/112 MP: 10/10
  7324 | D:9      | Noticed Erica
  7345 | D:9      | Killed Erica
  7740 | D:9      | Gained mutation: Scrolls take you a little longer to read. [potion of mutation]
  7740 | D:9      | Gained mutation: You are resistant to hostile enchantments. (MR+) [potion of mutation]
  7806 | D:10     | Entered Level 10 of the Dungeon
  7831 | D:10     | Reached skill level 5 in Armour
  7838 | D:10     | HP: 4/114 [manticore (9)]
  7839 | D:10     | HP: 1/114 [manticore (4)]
  7839 | D:10     | Slain by a manticore

Skill      XL: |  1  2  3  4  5  6  7  8  9 10 11 |
---------------+----------------------------------+-----
Fighting       | 4 5 6 7 8 10 12 15 | 15.8
Maces & Flails | 4 5 6 7 8 10 12 | 12.0
Shields        | 3 4 |  4.4
Armour         | 5 |  5.2
Dodging        | |  2.1

Action                   |  1- 3 |  4- 6 |  7- 9 | 10-12 || total
-------------------------+-------+-------+-------+-------++-------
Melee: Mace              |    60 |   155 |   122 |       ||   337
       Headbutt          |    11 |    24 |    42 |    60 ||   137
       Flail             |       |       |    98 |   140 ||   238
       Hand axe          |       |       |       |    69 ||    69
       War axe           |       |       |       |     6 ||     6
Throw: Tomahawk          |       |       |     8 |     1 ||     9
Invok: Berserk           |     2 |     1 |     3 |     4 ||    10
       Trog's Hand       |       |       |       |     2 ||     2
  Use: Scroll            |       |       |     7 |     4 ||    11
       Potion            |       |       |     2 |     5 ||     7
  Eat: Chunk             |       |     6 |    10 |    13 ||    29
       Ration            |       |     1 |       |       ||     1
Armor: Animal skin       |     4 |       |       |       ||     4
       Scale mail        |    19 |    10 |       |       ||    29
       Plate armour      |       |    76 |    50 |   142 ||   268
       Robe              |       |       |    21 |       ||    21
Dodge: Dodged            |    50 |    59 |   107 |    67 ||   283
Block: Buckler           |       |       |     8 |    58 ||    66
